 Dungeon Crawl Stone Soup version 0.26.1-11-gd32895ea62 (webtiles) character file.

Game seed: 1219331420310324006

39533 Revguard the Fighter (level 14, -4/146 HPs)
             Began as an Ogre Ice Elementalist on May 12, 2021.
             Was an Elder of Ashenzari.
             Killed from afar by Roxanne (59 damage)
             ... with a crystal spear
             ... on level 14 of the Dungeon.
             The game lasted 01:27:49 (18847 turns).

Revguard the Fighter (Ogre Ice Elementalist)       Turns: 18847, Time: 01:27:50

Health: -4/146     AC: 16    Str: 15    XL:     14   Next: 7%
Magic:  0/28       EV: 16    Int: 21    God:    Ashenzari [****..]
Gold:   731        SH:  0    Dex: 14    Spells: 17/33 levels left

rFire    . . .     SeeInvis +   C - +5 demon trident (drain) (curse)
rCold    . . .     Faith    .   (no shield)
rNeg     + . .     Spirit   +   d - +0 troll leather armour (curse)
rPois    .         Reflect  .   N - +2 hat (curse)
rElec    .         Harm     .   o - +3 cloak of the Saviour {Int+2} (curse)
rCorr    .         Rampage  .   (gloves unavailable)
Will     ++...     Clarity  +   (boots unavailable)
Stlth    ++........             D - amulet of Conformity {Spirit rN+ Will+ Dex+4} (curse)
HPRegen  0.74/turn              g - +4 ring of protection (curse)
MPRegen  0.21/turn              F - ring of wizardry

@: mighty
A: large, unfitting armour, sense surroundings 1, tough skin 1, evolution 1
a: Renounce Religion, Curse Item, Scrying


You were on level 14 of the Dungeon.
You worshipped Ashenzari.
Ashenzari was greatly pleased with you.
You visited 1 branch of the dungeon, and saw 14 of its levels.
You visited 1 bazaar.
You also visited: Ice Cave.

You collected 930 gold pieces.
You spent 199 gold pieces at shops.

Inventory:

Hand Weapons
 C - a cursed +5 demon trident of draining (weapon)
Armour
 d - a cursed +0 troll leather armour (worn)
 o - the cursed +3 cloak of the Saviour (worn) {Int+2}
   (You found it on level 14 of the Dungeon)

   It affects your intelligence (+2).
   It has a curse placed upon it.
 A - +0 acid dragon scales
 N - a cursed +2 hat (worn)
Jewellery
 g - a cursed +4 ring of protection (left hand)
 p - an uncursed amulet of the acrobat
 r - an uncursed ring of flight
 z - an uncursed ring of see invisible
 D - the cursed amulet of Conformity (around neck) {Spirit rN+ Will+ Dex+4}
   (You acquired it on level 9 of the Dungeon)

   [amulet of guardian spirit]

   It causes incoming damage to be split between your health and magic.
   It affects your dexterity (+4).
   It protects you from negative energy.
   It affects your willpower, your defense against some magical effects.
   It has a curse placed upon it.
 F - a ring of wizardry (right hand)
 I - an uncursed ring of magical power
Wands
 a - a wand of enslavement (26)
 b - a wand of flame (5)
 f - a wand of digging (8)
 l - a wand of paralysis (16)
 u - a wand of disintegration (11)
 G - a wand of iceblast (5)
Scrolls
 c - a scroll of blinking
 h - 5 scrolls of teleportation
 i - 2 scrolls of fog
 m - 6 scrolls of enchant armour
 n - 2 scrolls of fear
 t - a scroll of noise
 w - 2 scrolls of remove curse
 x - 5 scrolls of identify
 y - 2 scrolls of amnesia
 J - a scroll of holy word
 K - a scroll of vulnerability {unknown}
 L - a scroll of magic mapping
Potions
 e - 4 potions of lignification
 j - a potion of cancellation
 k - a potion of resistance
 q - 2 potions of attraction
 s - 5 potions of heal wounds
 v - 5 potions of curing
 B - a potion of brilliance
 E - a potion of might
 H - 2 potions of flight
Miscellaneous
 M - a phantom mirror
 O - a box of beasts


   Skills:
 + Level 11.3 Fighting
 + Level 8.8(12.2) Polearms
 + Level 7.5 Armour
 + Level 8.5(11.9) Dodging
 - Level 1.4(3.6) Stealth
 + Level 10.1 Spellcasting
 + Level 7.7(10.0) Conjurations
 + Level 6.0(8.3) Hexes
 + Level 9.0(11.2) Ice Magic


You had 17 spell levels left.
You knew the following spells:

 Your Spells              Type           Power        Failure   Level
a - Freeze                Ice            100%         1%          1
b - Frozen Ramparts       Ice            100%         1%          3
c - Ozocubu's Armour      Ice            55%          1%          3
d - Hailstorm             Conj/Ice       53%          1%          4
e - Yara's Violent Unrav  Hex/Tmut       14%          14%         5

Your spell library contained the following spells:

 Spells                   Type           Power        Failure   Level
 Magic Dart               Conj           100%         1%          1
 Slow                     Hex            45%          1%          2
 Conjure Flame            Conj/Fire      32%          1%          3
 Cause Fear               Hex            22%          1%          4
 Metabolic Englaciation   Hex/Ice        25%          1%          5
 Mephitic Cloud           Conj/Pois/Air  25%          2%          3
 Ice Form                 Ice/Tmut       34%          2%          4
 Summon Ice Beast         Ice/Summ       34%          2%          4
 Blink                    Tloc           N/A          4%          2
 Call Imp                 Summ           11%          4%          2
 Ozocubu's Refrigeration  Ice            27%          4%          6
 Silence                  Hex/Air        14%          14%         5
 Freezing Cloud           Conj/Ice/Air   20%          24%         6
 Simulacrum               Ice/Necr       17%          38%         6
 Discord                  Hex            22%          99%         8


Dungeon Overview and Level Annotations

Branches:
Dungeon (14/15)            Temple (0/1) D:6            Lair (0/6) D:9
    Orc (0/2) D:12         Vaults (0/5) D:13          IceCv (visited)

Altars:
Ashenzari
Cheibriados
Elyvilon
Gozag
Makhleb
Nemelex Xobeh
Qazlal
Sif Muna
Wu Jian
Yredelemnul
The Shining One

Shops:
D:5 =[[(   D:12 (   D:14 }

Annotations:
D:14 1 runed translucent door, Roxanne


Innate Abilities, Weirdness & Mutations

You are too large for most types of armour.
You have tough skin. (AC +1)
You passively map a small area around you.
You evolve.


Message History

You blink.
Roxanne casts a spell.
The crystal spear hits you!!
Roxanne mumbles some strange words.
The bolt of magma hits you!!
You hit Roxanne.
Roxanne is heavily damaged.
You puncture Roxanne!
Roxanne is severely damaged.
You puncture Roxanne!
Roxanne is severely damaged.
You hit Roxanne but do no damage.
Roxanne is severely damaged.
You hit Roxanne but do no damage.
Roxanne is severely damaged.
You impale Roxanne!!
Roxanne is almost destroyed.
Roxanne mumbles some strange words.
The crystal spear hits you!!!
You die...

.......#........##..######**
.........#...###.....#....>**
........##.#....$.........,,**
........##.###............,,,*
........##.# #....$.......,,,*
..#........# #............,,,*
.∩##.##....###............,,,*
..#..#*.##................,,,*
.##.##..####...8@.........,,**
..#)##.#* ###.......#....,**
.....#.# #####.#######**
.....#.# ******#.#
.....#.#####,,,,,..#
.....#......,*****##
.......###**** ....(....#
.........#


You could see Roxanne.

Vanquished Creatures
  Rupert (D:12)
  Frances (D:14)
  A frost giant (IceCv)
  The ghost of limozeen581 the Thaumaturge, a journeyman DEWz of Sif Muna (D:11)
  Snorg (D:13)
  A hydra (D:14)
  A catoblepas (D:14)
  4 boulder beetles
  A centaur warrior (D:13)
  4 two-headed ogres
  A death yak (IceCv)
  An unseen horror (D:12)
  An orc knight (D:14)
  An ugly thing (D:11)
  A cyclops (D:12)
  Maurice (D:12)
  An ice statue (IceCv)
  A black mamba (shapeshifter) (D:12)
  Psyche (D:10)
  A kobold demonologist (D:13)
  Maggie (D:7)
  2 komodo dragons
  A rime drake (shapeshifter) (D:13)
  4 trolls
  14 polar bears (IceCv)
  A hornet (D:13)
  5 slime creatures (D:13)
  2 shadows
  2 wraiths
  2 wyverns
  9 humans (D:13)
  22 yaks
  2 steam dragons
  Menkaure (D:5)
  A soldier ant (D:13)
  2 acid dragons
  A two-headed ogre zombie (D:12)
  13 ice beasts
  2 water moccasins
  7 orc warriors
  7 sky beasts
  4 black bears
  An eye of draining (D:11)
  4 phantoms
  14 centaurs
  8 wolves (IceCv)
  7 ogres
  A big kobold (D:10)
  7 bullfrogs
  2 scorpions
  15 killer bees
  A troll zombie (D:12)
  6 howler monkeys
  4 wights (D:6)
  A bullfrog zombie (D:12)
  8 hounds
  4 jellies
  5 orc priests
  3 centaur skeletons
  15 orc wizards
  A bullfrog skeleton (D:6)
  2 iguanas
  Ijyb (D:3)
  9 worker ants
  6 ogre zombies (D:12)
  3 hound skeletons
  A howler monkey zombie (D:5)
  A gnoll (D:1)
  15 adders
  2 shadow imps
  A white imp (D:9)
  3 ufetubi
  2 oozes
  3 adder skeletons
  An adder zombie (D:9)
  4 worms
  5 dart slugs
  6 leopard geckos
  60 orcs
  8 giant cockroaches
  10 goblins
  7 hobgoblins
  11 jackals
  7 quokkas
  10 bats
  7 frilled lizards
  4 goblin zombies (D:12)
  A hobgoblin skeleton (D:12)
  A hobgoblin zombie (D:12)
  A jackal skeleton (D:5)
  10 kobolds
  5 orc skeletons (D:12)
  14 orc zombies (D:12)
  12 rats
471 creatures vanquished.

Vanquished Creatures (others)
  3 yaks (IceCv)
  3 humans (D:13)
  4 wolves (IceCv)
  A withered plant (D:2)
11 creatures vanquished.

Grand Total: 482 creatures vanquished

Notes
Turn   | Place    | Note
-------+----------+-------------------------------------------
     0 | D:1      | Revguard the Ogre Ice Elementalist began the quest for the
                  | Orb.
     0 | D:1      | Reached XP level 1. HP: 16/16 MP: 3/3
   149 | D:1      | Reached XP level 2. HP: 22/26 MP: 2/5
   181 | D:1      | Reached skill level 1 in Fighting
   562 | D:1      | Reached XP level 3. HP: 32/33 MP: 4/7
   661 | D:1      | Learned a level 3 spell: Frozen Ramparts
  1256 | D:1      | Learned a level 3 spell: Ozocubu's Armour
  1394 | D:2      | Reached skill level 1 in Armour
  1563 | D:2      | Reached XP level 4. HP: 42/42 MP: 0/8
  1792 | D:2      | Reached skill level 1 in Polearms
  2012 | D:2      | Reached skill level 2 in Fighting
  2263 | D:2      | Found a basalt altar of Yredelemnul.
  2638 | D:2      | Gained mutation: You are robust. (+10% HP) [potion of
                  | mutation]
  2638 | D:2      | Gained mutation: You occasionally shout uncontrollably at
                  | your foes. [potion of mutation]
  2638 | D:2      | Gained mutation: You have sharp toenails. [potion of
                  | mutation]
  2696 | D:2      | Reached XP level 5. HP: 49/53 MP: 4/9
  2806 | D:2      | Found a snail-covered altar of Cheibriados.
  2809 | D:2      | Found a white marble altar of Elyvilon.
  2812 | D:2      | Found a broken altar of Ashenzari.
  2817 | D:2      | Became a worshipper of Ashenzari the Shackled
  2857 | D:3      | Found a faded altar of an unknown god.
  3375 | D:3      | Noticed Ijyb
  3397 | D:3      | Killed Ijyb
  4219 | D:4      | Noticed an ogre
  4224 | D:4      | Reached XP level 6. HP: 53/64 MP: 4/11
  4225 | D:4      | Reached skill level 3 in Fighting
  4247 | D:4      | Learned a level 4 spell: Hailstorm
  4360 | D:4      | Reached XP level 7. HP: 70/73 MP: 4/13
  4372 | D:4      | Identified the +5 dagger "Locuqay" {antimagic, rElec Int+3
                  | Dex+2}
  4486 | D:4      | Reached skill level 1 in Conjurations
  4894 | D:4      | Reached skill level 4 in Fighting
  5284 | D:5      | Entered Level 5 of the Dungeon
  5808 | D:5      | Noticed Menkaure
  5871 | D:5      | Reached XP level 8. HP: 83/86 MP: 10/14
  5922 | D:5      | Killed Menkaure
  6191 | D:5      | Found Hasoagi's Armour Emporium.
  6192 | D:5      | Found Ruazxavorgh's Jewellery Emporium.
  6195 | D:5      | Found Nianuz's Armour Emporium.
  6221 | D:5      | Found Tairhes's Weapon Emporium.
  6567 | D:6      | Reached skill level 5 in Fighting
  6567 | D:6      | Reached skill level 5 in Ice Magic
  6677 | D:6      | Reached * piety under Ashenzari
  6829 | D:6      | Reached skill level 5 in Spellcasting
  7077 | D:6      | Found a staircase to the Ecumenical Temple.
  7262 | D:6      | Found a glowing golden altar of the Shining One.
  7519 | D:6      | Found a sparkling altar of Nemelex Xobeh.
  7525 | D:6      | Reached XP level 9. HP: 67/96 MP: 12/17
  7694 | D:7      | Noticed Maggie
  7715 | D:7      | Killed Maggie
  8183 | D:7      | Reached skill level 6 in Fighting
  8912 | D:7      | Reached skill level 5 in Dodging
  9649 | D:8      | Reached skill level 5 in Polearms
  9913 | D:8      | Reached XP level 10. HP: 108/110 MP: 15/19
 10177 | D:9      | Identified 2 scrolls of acquirement
 10178 | D:9      | Acquired the cursed amulet of Conformity {Spirit rN+ Will+
                  | Dex+4}
 10179 | D:9      | Acquired a cursed +1 demon trident of freezing
 10197 | D:9      | Reached ** piety under Ashenzari
 10219 | D:9      | Found a staircase to the Lair.
 10254 | D:9      | Reached skill level 7 in Fighting
 10635 | D:9      | Noticed a two-headed ogre
 10650 | D:9      | Killed a two-headed ogre
 11029 | D:9      | Found an opulent altar of Gozag.
 11038 | D:9      | Learned a level 5 spell: Yara's Violent Unravelling
 11043 | D:9      | Found an ornate altar of the Wu Jian Council.
 11049 | D:9      | Found a stormy altar of Qazlal.
 11089 | D:9      | Noticed a two-headed ogre
 11104 | D:9      | Killed a two-headed ogre
 11248 | D:10     | Entered Level 10 of the Dungeon
 11260 | D:10     | Reached skill level 1 in Hexes
 11262 | D:10     | Reached skill level 5 in Armour
 11373 | D:10     | Noticed a two-headed ogre
 11382 | D:10     | Reached skill level 8 in Fighting
 11382 | D:10     | Killed a two-headed ogre
 11383 | D:10     | Reached skill level 5 in Conjurations
 11383 | D:10     | Reached XP level 11. HP: 122/122 MP: 6/22
 11490 | D:10     | Noticed Psyche
 11500 | D:10     | Killed Psyche
 12060 | D:10     | Lost mutation: You occasionally shout uncontrollably at
                  | your foes. [potion of mutation]
 12060 | D:10     | Lost mutation: You are robust. (+10% HP) [potion of
                  | mutation]
 12060 | D:10     | Gained mutation: You evolve. [potion of mutation]
 12060 | D:10     | Gained mutation: You passively map a small area around you.
                  | [potion of mutation]
 12060 | D:10     | Gained mutation: You are strong-willed. (Will+) [potion of
                  | mutation]
 12258 | D:11     | Found a gateway to a bazaar.
 12273 | Bazaar   | Entered a bazaar
 12273 | Bazaar   | Found Ankiedo's Gadget Boutique.
 12273 | Bazaar   | Found Zajess's Magic Scroll Emporium.
 12375 | Bazaar   | Found Utziskut's Distillery.
 12399 | Bazaar   | Found Roukyos's Assorted Antiques.
 12425 | Bazaar   | Bought a scroll of enchant armour for 75 gold pieces
 12425 | Bazaar   | Bought a scroll of remove curse for 30 gold pieces
 12425 | Bazaar   | Bought a scroll of enchant weapon for 75 gold pieces
 12475 | Bazaar   | Bought a scroll labelled XOEJEQ MANTUCK for 19 gold pieces
 12669 | D:11     | Lost mutation: You are strong-willed. (Will+) [evolution]
 12886 | D:11     | Found a large runed translucent door.
 12886 | D:11     | Noticed a green ugly thing
 12894 | D:11     | Killed a green ugly thing
 12923 | D:11     | Found a large runed translucent door.
 12923 | D:11     | Noticed limozeen581's ghost (journeyman DEWz)
 13479 | D:11     | Killed limozeen581's ghost
 13480 | D:11     | Reached skill level 9 in Fighting
 13547 | D:12     | Found Voapsoeff's Antique Weapon Shop.
 13583 | D:12     | Noticed an unseen horror
 13589 | D:12     | Killed an unseen horror
 13720 | D:12     | Reached XP level 12. HP: 123/123 MP: 24/24
 13757 | D:12     | Noticed Rupert
 13760 | D:12     | Noticed Maurice
 13761 | D:12     | Paralysed by Rupert for 5 turns
 13776 | D:12     | Killed Rupert
 13778 | D:12     | Killed Maurice
 13922 | D:12     | Reached *** piety under Ashenzari
 14284 | D:12     | Found a staircase to the Orcish Mines.
 14648 | D:12     | Found a burning altar of Makhleb.
 14861 | D:12     | Found a shimmering blue altar of Sif Muna.
 15136 | D:12     | Noticed a boulder beetle
 15510 | D:12     | Killed a boulder beetle
 15703 | D:13     | Noticed a boulder beetle
 15715 | D:13     | Killed a boulder beetle
 15716 | D:13     | Reached skill level 10 in Fighting
 15810 | D:13     | Noticed Snorg
 15823 | D:13     | Killed Snorg
 16304 | D:13     | Noticed a centaur warrior
 16305 | D:13     | Noticed a two-headed ogre
 16305 | D:13     | Noticed a boulder beetle
 16309 | D:13     | Killed a centaur warrior
 16310 | D:13     | Reached XP level 13. HP: 133/133 MP: 18/26
 16331 | D:13     | Reached skill level 5 in Hexes
 16783 | D:13     | Found a gate to the Vaults.
 17010 | D:13     | Reached **** piety under Ashenzari
 17088 | D:13     | Lost mutation: You have sharp toenails. [evolution]
 17174 | D:14     | Got the uncursed cloak of the Saviour {Int+2}
 17190 | D:14     | Identified the +3 cloak of the Saviour {Int+2} (You found
                  | it on level 14 of the Dungeon)
 17199 | D:14     | Found Imyf's Gadget Emporium.
 17210 | D:14     | Noticed Frances
 17231 | D:14     | Killed Frances
 17302 | D:14     | Found a runed translucent door.
 17307 | D:14     | Noticed a storm dragon
 17310 | D:14     | Noticed a yaktaur captain
 17312 | D:14     | Noticed a yaktaur captain
 17335 | D:14     | Identified the cursed +3 long sword of Hatup {vorpal,
                  | Int+2}
 17346 | D:14     | Found a frozen archway.
 17391 | IceCv    | Entered an ice cave
 17789 | IceCv    | Reached skill level 11 in Fighting
 18151 | IceCv    | Noticed a frost giant
 18171 | IceCv    | Killed a frost giant
 18172 | IceCv    | Reached skill level 10 in Spellcasting
 18172 | IceCv    | Reached XP level 14. HP: 141/146 MP: 20/28
 18798 | D:14     | Identified Roxanne's Incunabulum of Clay
 18798 | D:14     | Noticed Roxanne
 18847 | D:14     | Killed from afar by Roxanne

Illustrated notes

Levels and vault maps discovered:
D:1:      beargit_arrival_greenhouse, layout_loops_cross
D:2:      layout_basic, grunt_temple_overflow_diamond, yredelemnul_altar_generic
D:3:      cheibrodos_helix_gallery, layout_rooms,
          chequers_ecumenical_altar_simple, chequers_serial_rivers_small_3,
          uniq_ijyb
D:4:      layout_basic, minmay_misc_feat_pillars,
          minmay_fractal_squares_gapless_5
D:5:      layout_basic, serial_co_window_serial, co_window_corner_a,
          co_window_corner_a, co_window_of_opportunity_a, co_window_paths_b,
          co_window_paths_a, co_window_corner_b, co_window_corner_b,
          co_window_corner_b, co_window_sun, co_window_4corner_a,
          glass_columns_c, glass_columns_b, glass_columns_b, glass_columns_a,
          minmay_shop_grid_forest, uniq_menkaure
D:6:      layout_loops_cross, minmay_temple_entry_butterflies,
          hangedman_feature_mirror, chequers_mini_garden,
          minmay_chambers_of_fives
D:7:      layout_layer_cave, uniq_maggie
D:8:      layout_cave_pools
D:9:      layout_rooms, minitemple, lair_entry_dummy, kennysheep_generic_room_7
D:10:     layout_roguey, nrook_uturn, uniq_psyche
D:11:     layout_loops_ring, ebering_ghost_disaster_area, serial_shops,
          bzr_entry_islet, kennysheep_generic_room_10
D:12:     layout_stronghold, zombieorc2_lemuel, basic_altar, serial_shops,
          nicolae_shop_crystal, bloody_makhleb, uniq_maurice, uniq_rupert
D:13:     layout_roguey, ximxim_vaults_locker_room, uniq_snorg
D:14:     layout_rooms, minmay_door_square, portal_ice_cave_entry_ice_beasts,
          serial_shops, shop, minmay_hidden_floor, uniq_roxanne, uniq_frances,
          uniq_louise

Skill      XL: |  1  2  3  4  5  6  7  8  9 10 11 12 13 14 |
---------------+-------------------------------------------+-----
Fighting       | 1 2 3 4 5 6 8 9 10 11 | 11.3
Dodging        | 2 3 4 5 6 7 8 |  8.5
Armour         | 1 2 3 4 5 6 7 |  7.5
Spellcasting   | 3 4 5 6 7 8 9 10 | 10.1
Polearms       | 1 2 3 4 5 6 7 8 |  8.8
Ice Magic      | 4 5 6 7 8 9 |  9.0
Conjurations   | 1 2 3 5 6 7 |  7.7
Hexes          | 1 3 4 5 6 |  6.0
Stealth        | |  1.4

Action                   |  1- 3 |  4- 6 |  7- 9 | 10-12 | 13-15 || total
-------------------------+-------+-------+-------+-------+-------++-------
Melee: Unarmed           |    22 |       |       |       |       ||    22
       Halberd           |    43 |    81 |   250 |     8 |       ||   382
       Kick              |       |     4 |    52 |   108 |    19 ||   183
       Demon trident     |       |       |       |   428 |   288 ||   716
 Cast: Freeze            |    27 |    25 |    15 |    19 |       ||    86
       Frozen Ramparts   |     5 |    27 |    36 |    38 |    19 ||   125
       Ozocubu's Armour  |     2 |    10 |     8 |    19 |     5 ||    44
       Hailstorm         |       |       |     4 |    26 |    11 ||    41
Invok: Curse Item        |       |     1 |       |     2 |     2 ||     5
       Scrying           |       |       |       |       |     1 ||     1
 Abil: Evoke Flight      |       |       |       |     2 |       ||     2
Evoke: Wand              |       |       |       |     1 |       ||     1
  Use: Scroll            |       |     8 |    11 |    18 |     2 ||    39
       Potion            |       |     5 |     1 |     3 |     1 ||    10
 Stab: Sleeping          |     2 |     1 |     3 |     1 |       ||     7
       Invisible         |       |       |       |     1 |       ||     1
       Distracted        |       |       |       |       |     1 ||     1
Armor: Robe              |    49 |    63 |    87 |       |       ||   199
       Skin              |       |    31 |       |       |       ||    31
       Acid dragon scale |       |       |    66 |    40 |       ||   106
       Troll leather arm |       |       |       |   104 |    80 ||   184
Dodge: Dodged            |    81 |    98 |   195 |   233 |   151 ||   758
